 Dungeon Crawl Stone Soup version 0.29-a0-121-g8efb068a30 (webtiles) character file.

Game seed: 9250910461450699430

54 cyrus the Caller (level 3, 0/14 HPs)
             Began as a Felid Summoner on Feb 20, 2022.
             Was a Follower of Sif Muna.
             Slain by Terence (9 damage)
             ... on level 2 of the Dungeon on Feb 21, 2022.
             The game lasted 00:07:10 (3445 turns).

cyrus the Caller (Felid Summoner)                   Turns: 3445, Time: 00:07:10

Health: 0/14       AC:  1    Str:  6    XL:     3   Next: 66%
Magic:  2/8        EV: 17    Int: 16    God:    Sif Muna [*.....]
Gold:   151        SH:  0    Dex: 16    Spells: 1/7 levels left
                                        Lives:  0   Deaths: 0

rFire   + . .      SeeInvis +   (weapon unavailable)
rCold   . . .      Faith    .   (shield unavailable)
rNeg    . . .      Spirit   .   (armour unavailable)
rPois   .          Reflect  .   (helmet unavailable)
rElec   .          Harm     .   (cloak unavailable)
rCorr   .          Rampage  .   (gloves unavailable)
Will    .....                   (boots unavailable)
Stlth   ++........              d - amulet of regeneration
HPRegen 0.84/turn               b - ring of protection from fire
MPRegen 0.11/turn               (no ring)

@: quick
A: very small, claws 1, fangs 3, see invisible, speed 1, shaggy fur 1, stealthy
paws, no weapons or thrown items, no armour, multi-lived
a: Renounce Religion, Channel Magic


You were on level 2 of the Dungeon.
You worshipped Sif Muna.
Sif Muna was aware of your devotion.
You visited 1 branch of the dungeon, and saw 2 of its levels.

You collected 151 gold pieces.

Inventory:

Armour
 c - a +0 ring mail
Jewellery
 b - a ring of protection from fire (left paw)
 d - an amulet of regeneration (around neck)
Scrolls
 a - a scroll of enchant weapon {unknown}
 f - a scroll of immolation {unknown}
 g - a scroll of teleportation {unknown}
 h - 2 scrolls of noise {unknown}
Potions
 e - a potion of attraction {unknown}
 i - a potion of haste {unknown}
 j - a potion of heal wounds {unknown}


   Skills:
 + Level 2.7 Dodging
 + Level 2.9 Stealth
 + Level 0.9 Unarmed Combat
 + Level 2.7 Spellcasting
 + Level 4.6 Summonings


You had one spell level left.
You knew the following spells:

 Your Spells              Type           Power      Damage    Failure   Level
a - Summon Small Mammal   Summ           68%        N/A       2%          1
b - Call Imp              Summ           17%        N/A       4%          2
c - Call Canine Familiar  Summ           17%        N/A       9%          3

Your spell library contained the following spells:

 Spells                   Type           Power      Damage    Failure   Level
 Summon Guardian Golem    Hex/Summ       9%         N/A       22%         3
 Summon Lightning Spire   Summ/Air       9%         N/A       58%         4


Dungeon Overview and Level Annotations

Branches:
Dungeon (2/15)

Altars:
Sif Muna
The Shining One

Annotations:
D:2 Terence


Innate Abilities, Weirdness & Mutations

You have sharp claws.
You have razor-sharp teeth.
You have supernaturally acute eyesight. (SInv)
You cover ground quickly. (Speed+)
You are covered in fur. (AC +1)
Your paws help you pounce on unaware monsters.
You are incapable of wielding weapons or throwing items.
You cannot wear armour.
You gain extra lives every three experience levels.


Message History

The bat closely misses you.
Your bat hits the bat but does no damage.
The bat hits you.
You swap places.
Your bat hits the bat but does no damage.
The bat hits you but does no damage. The bat closely misses you.
Your rat barely misses the bat.
Your bat completely misses the bat.
The bat closely misses you.
Your bat misses the bat. Your rat misses the bat. The bat closely misses you.
The bat hits you but does no damage.
Your bat closely misses the bat.
You scratch the bat.
You kill the bat!
Sif Muna accepts your kill.
Your bat disappears in a puff of smoke!
h - 2 scrolls labelled EDUOHE ULIS (gained 1)
Your rat disappears in a puff of smoke!
j - a smoky inky potion
Found 19 arrows.
You now have 151 gold pieces (gained 17).
Terence the Incautious comes into view.
He is wielding a +0 short sword and wearing a +3 scale mail of positive energy.
Casting: Summon Small Mammal (safe; 2% risk of failure)
Confirm with . or Enter, or press ? or * to list all spells.
Casting: Summon Small Mammal (safe; 2% risk of failure)
Confirm with . or Enter, or press ? or * to list all spells.
Casting: Summon Small Mammal (safe; 2% risk of failure)
Confirm with . or Enter, or press ? or * to list all spells.
A metallic apparition takes form in the air.
Casting: Call Imp (safe; 4% risk of failure)
Confirm with . or Enter, or press ? or * to list all spells.
The spell is potentially lethal to miscast (9% risk of failure)!
Continue anyway?
You swap places.
Terence shouts!
You closely miss Terence. Terence closely misses you.
You scratch Terence.
Terence is lightly wounded.
Terence hits you with a +0 short sword.
Your iron imp barely misses Terence.
You swap places.
Terence hits you with a +0 short sword!
Ouch! That really hurt!
You die...

#...##)..........###
.#.###########.#.#
.#. #.#.# #.
#.#.##### #..#....#
###r###.# #h# #.#
#b# #.# #######@#
#.# ......@5# #.#
...###### #.# #.#
#.#


You could see Terence (ally target), a friendly hound (summoned), a friendly
iron imp (summoned), a friendly quokka (summoned) and a friendly bat (summoned).

Vanquished Creatures
  An adder (D:2)
  A dart slug (D:2)
  2 ball pythons
  5 endoplasms
  A goblin (D:2)
  A hobgoblin (D:2)
  A jackal (D:1)
  5 bats
  A frilled lizard (D:2)
  A rat (D:1)
19 creatures vanquished.

Vanquished Creatures (collateral kills)
  A dart slug (D:1)
  2 ball pythons
  2 endoplasms
  3 goblins
  A hobgoblin (D:2)
  A jackal (D:1)
  2 kobolds (D:1)
  A quokka (D:1)
  2 bats
  2 frilled lizards (D:2)
  3 rats
20 creatures vanquished.

Vanquished Creatures (others)
  4 fungi (D:1)
4 creatures vanquished.

Grand Total: 43 creatures vanquished

Notes
Turn   | Place    | Note
-------+----------+-------------------------------------------
     0 | D:1      | cyrus the Felid Summoner began the quest for the Orb.
     0 | D:1      | Reached XP level 1. HP: 7/7 MP: 4/4
  1168 | D:1      | Reached XP level 2. HP: 6/11 MP: 6/6
  1556 | D:1      | Learned a level 2 spell: Call Imp
  1988 | D:1      | Found a faded altar of an unknown god.
  2034 | D:1      | Prayed at the altar of an unknown god.
  2034 | D:1      | Became a worshipper of Sif Muna the Loreminder
  2034 | D:1      | Reached * piety under Sif Muna
  2325 | D:2      | Reached XP level 3. HP: 14/14 MP: 4/7
  2467 | D:2      | Found a glowing golden altar of the Shining One.
  2506 | D:2      | Learned a level 3 spell: Call Canine Familiar
  3433 | D:2      | Noticed Terence
  3445 | D:2      | Slain by Terence

Illustrated notes

Levels and vault maps discovered:
D:1:      dpeg_arrival_water_fire, layout_basic, basic_ecumenical_altar
D:2:      layout_loops_ring, basic_altar, kennysheep_generic_room_4,
          uniq_terence

Action                   || total
-------------------------++-------
Melee: Unarmed           ||    99
       Bite              ||    18
       Punch             ||     3
 Cast: Summon Small Mamm ||    47
       Call Imp          ||    10
       Call Canine Famil ||     3
 Stab: Sleeping          ||     1
Armor: Skin              ||     7
Dodge: Dodged            ||    87

Table legend: (Time is in decaauts)
 A = Elapsed time spent in this place.
 B = Non-inter-level travel time spent in this place.
 C = Inter-level travel time spent in this place.
 D = Time resting spent in this place.
 E = Time spent auto-exploring this place.
 F = Levels seen in this place.
 G = Mean time per level.
                   A        B        C        D        E       F      G
               +--------+--------+--------+--------+--------+-----+--------+
         Total |   3250 |   3245 |      5 |   1930 |    795 |   2 | 1625.0 |
       Dungeon |   3250 |   3245 |      5 |   1930 |    795 |   2 | 1625.0 |
               +--------+--------+--------+--------+--------+-----+--------+

Top non-repeatable levels by time:
     D:1: 2136 daAuts
     D:2: 1113 daAuts
